 Dungeon Sprint DCSS version 0.27.1-1-g398f81649c (webtiles) character file.

Game seed: 12408995793612215377

7820 styxcanada the Imperceptible (level 11, -2/58 HPs)
             Began as a Spriggan Brigand on Sept 17, 2021.
             Was an Initiate of Gozag.
             Slain by a spriggan defender (32 damage)
             ... in the Dungeon (Sprint IV: "Fedhas' Mad Dash").
             The game lasted 00:14:37 (1692 turns).

styxcanada the Imperceptible (Spriggan Brigand)     Turns: 1692, Time: 00:14:37

Health: -2/58      AC:  7    Str:  7    XL:     11   Next: 1%
Magic:  12/21      EV: 24    Int: 13    God:    Gozag
Gold:   654        SH: 10    Dex: 20    Spells: 11/23 levels left

rFire    . . .     SeeInvis +   a - +2 dagger
rCold    . . .     Faith    .   d - +2 buckler
rNeg     . . .     Spirit   .   v - +0 troll leather armour
rPois    .         Reflect  .   o - +2 hat {SInv}
rElec    .         Harm     .   c - +0 cloak
rCorr    .         Rampage  .   (gloves unavailable)
Will     +....     NoTele   +   (boots unavailable)
Stlth    +++++++++.             l - amulet of invisibility {+Inv}
HPRegen  1.19/turn              (no ring)
MPRegen  0.17/turn              (no ring)

@: very slightly contaminated, very quick
A: very small, no large weapons, unfitting armour, see invisible, speed 3
a: Renounce Religion, Evoke Invisibility, Potion Petition, Call Merchant, Bribe
Branch


You were in the Dungeon.
You worshipped Gozag.
Gozag was pleased with you.
You visited 1 branch You collected 2397 gold pieces.
You spent 1743 gold pieces at shops.

Inventory:

Hand Weapons
 a - a +2 dagger (weapon)
 s - a +0 hunting sling
 w - a +0 hunting sling
 x - a +2 mace of draining
Missiles
 e - 2 curare-tipped darts (quivered)
 m - 31 stones
 n - 4 poisoned darts
 q - 43 sling bullets
Armour
 c - a +0 cloak (worn)
 d - a +2 buckler (worn)
 o - a +2 hat of see invisible (worn)
 r - the +1 robe of Chimes {MP+9}
   (You bought it in a shop in the Dungeon)

   MP:        It affects your magic capacity (+9).
 v - a +0 troll leather armour (worn)
Jewellery
 b - a +6 ring of intelligence
 l - the amulet of invisibility (around neck) {+Inv}
   (You found it in the Dungeon)

   [amulet of nothing]

   +Inv:      It lets you turn invisible.
Wands
 u - a wand of iceblast (4)
 y - a wand of flame (17)
Scrolls
 k - a scroll of blinking
 z - 2 scrolls of identify
Potions
 f - a potion of curing
 g - a potion of heal wounds
 h - a potion of haste
 i - 2 potions of magic
 j - a potion of berserk rage
Miscellaneous
 p - a tin of tremorstones (2/2)
 t - a lightning rod (3/4)


   Skills:
 * Level 7.0 Fighting
 + Level 5.6 Short Blades
 + Level 5.5 Throwing
 * Level 11.0 Dodging
 * Level 24.1 Stealth
 * Level 4.3 Shields
 * Level 6.5 Spellcasting
 * Level 2.6 Conjurations
 * Level 2.6 Hexes
 * Level 2.8 Ice Magic
 * Level 4.8 Air Magic
 * Level 5.2 Poison Magic
 * Level 11.6 Evocations


You had 11 spell levels left.
You knew the following spells:

 Your Spells              Type           Power      Damage    Failure   Level
a - Poisonous Vapours     Pois/Air       34%        N/A       6%          2
b - Freezing Cloud        Conj/Ice/Air   6%         6-21      90%         5
c - Slow                  Hex            11%        N/A       16%         2
d - Confusing Touch       Hex            11%        N/A       30%         3

Your spell library contained the following spells:

 Spells                   Type           Power      Damage    Failure   Level
 Corpse Rot               Necr/Air       N/A        N/A       17%         2
 Vampiric Draining        Necr           2%         2d6       65%         3
 Yara's Violent Unravell  Hex/Tmut       3%         3d4       99%         5


Dungeon Overview and Level Annotations

Branches:
Dungeon (1/1)

Altars:
Cheibriados
Dithmenos
Elyvilon
Gozag
Hepliaklqana
Kikubaaqudgha
Makhleb
Nemelex Xobeh
Okawaru
Qazlal
Ru
Sif Muna
Trog
Uskayaw
Vehumet
Wu Jian
Xom
Yredelemnul
Zin
The Shining One
Beogh
Jiyva
Lugonu

Shops:
D [[[*[::*


Innate Abilities, Weirdness & Mutations

You are very small and have problems with some larger weapons.
You are too small for most types of armour.
You have supernaturally acute eyesight. (SInv)
You cover ground extremely quickly. (Speed+++)


Message History

You kill Agnes!
Your Fighting skill increases to level 7!
Your Shields skill increases to level 4!
Your Spellcasting skill increases to level 6!
Your Conjurations skill increases to level 2!
Your Hexes skill gained 2 levels and is now at level 2!
Your Poison Magic skill increases to level 5!
Your Evocations skill increases to level 11!
The helpless spriggan berserker fails to defend itself.
You perforate the spriggan berserker like a sieve!!!!!
You kill the spriggan berserker!
Your Dodging skill increases to level 11!
Your Stealth skill increases to level 24!
You have reached level 11!
You now have 654 gold pieces (gained 45).
Things that are here:
a +0 lajatang; a +0 robe You flicker for a moment.
A spriggan defender comes into view. It is wielding a +2 antimagic lajatang.
Found a glowing spear.
The spriggan defender shouts!
There is an entrance to Zetoe's Antique Armour Emporium here.
The spriggan defender hits you with a +2 antimagic lajatang!!
You feel your power leaking away.
There is an entrance to Ved Zygg's General Store here.
You hit the spriggan defender.
The spriggan defender is lightly wounded.
The spriggan defender hits you with a +2 antimagic lajatang!
You feel your power leaking away.
There is an entrance to Zetoe's Antique Armour Emporium here.
You flicker back into view.
Aiming: Thunderbolt
Press: ? - help, Shift-Dir - straight line, f - spriggan defender
Aim: a spriggan defender, wielding a +2 antimagic lajatang and wearing a +0 robe The thunderbolt hits the spriggan defender!
The spriggan defender is lightly wounded.
The spriggan defender hits you with a +2 antimagic lajatang!!
Ouch! That really hurt!
You die...
Your body crumbles into a pile of gold.

###############....[.###.....♣.#
♣♣..♣"###.'..'.......')))..♣..∩#
..♣..♣##..#..#.P.....###########
♣♣.♣).###.##'##.P....#
.♣...♣'...#♣.♣########
###########.....####
###..♣..♣....###
####.$.♣......♣...♣###
.........♣.)..@i.∩...)#
..##################### $ $$ $$
$$


$$$$ $ You could see a spriggan defender.

Vanquished Creatures
  Agnes (D)
  A spriggan berserker (D)
  A spriggan druid (D)
  6 oklob plants (D)
  A demonic crawler (D)
  3 burning bushes (D)
  3 wandering mushrooms (D)
  A queen bee (D)
  A hornet (D)
  3 scorpions (D)
  4 killer bees (D)
  5 oklob saplings (D)
  5 spriggans (D)
  A river rat (D)
  A rat (D)
  A ballistomycete spore (D)
38 creatures vanquished.

Vanquished Creatures (others)
  A fungus (D)
1 creature vanquished.

Grand Total: 39 creatures vanquished

Notes
Turn   | Place    | Note
-------+----------+-------------------------------------------
     0 | D        | styxcanada the Spriggan Brigand began the quest for the
                  | Orb.
     0 | D        | Reached XP level 1. HP: 10/10 MP: 2/2
    17 | D        | Reached skill level 6 in Stealth
    23 | D        | Reached skill level 8 in Stealth
    23 | D        | Reached XP level 2. HP: 15/15 MP: 3/3
    45 | D        | Noticed an oklob sapling
    47 | D        | Killed an oklob sapling
    48 | D        | Reached skill level 9 in Stealth
    48 | D        | Reached XP level 3. HP: 19/19 MP: 4/4
   149 | D        | Noticed a scorpion
   149 | D        | Found the amulet of invisibility {+Inv}
   151 | D        | Killed a scorpion
   152 | D        | Reached skill level 12 in Stealth
   152 | D        | Reached XP level 4. HP: 23/23 MP: 5/5
   174 | D        | Found an opulent altar of Gozag.
   174 | D        | Found a hazy altar of Hepliaklqana.
   174 | D        | Found a burning altar of Makhleb.
   174 | D        | Found a sparkling altar of Nemelex Xobeh.
   174 | D        | Found a snail-covered altar of Cheibriados.
   174 | D        | Found a sacrificial altar of Ru.
   174 | D        | Found a shimmering blue altar of Sif Muna.
   174 | D        | Found a shimmering altar of Xom.
   174 | D        | Found a basalt altar of Yredelemnul.
   175 | D        | Found a viscous altar of Jiyva.
   175 | D        | Found a bloodstained altar of Trog.
   175 | D        | Found an ornate altar of the Wu Jian Council.
   176 | D        | Found an iron altar of Okawaru.
   176 | D        | Found a shadowy altar of Dithmenos.
   176 | D        | Found a glowing silver altar of Zin.
   177 | D        | Found an ancient bone altar of Kikubaaqudgha.
   177 | D        | Found a hide-covered altar of Uskayaw.
   178 | D        | Found a stormy altar of Qazlal.
   178 | D        | Found a white marble altar of Elyvilon.
   178 | D        | Found a glowing golden altar of the Shining One.
   179 | D        | Became a worshipper of Gozag Ym Sagoz the Greedy
   180 | D        | Found a corrupted altar of Lugonu.
   180 | D        | Found a radiant altar of Vehumet.
   184 | D        | Reached skill level 13 in Stealth
   184 | D        | Reached XP level 5. HP: 28/28 MP: 3/6
   196 | D        | Reached skill level 14 in Stealth
   196 | D        | Reached skill level 1 in Evocations
   237 | D        | Reached skill level 5 in Dodging
   239 | D        | Reached skill level 15 in Stealth
   270 | D        | Reached XP level 6. HP: 7/33 MP: 7/7
   537 | D        | Found Querex's Antique Armour Shop.
   537 | D        | Found Fotukut's Armour Emporium.
   543 | D        | Bought a +2 hat of see invisible for 252 gold pieces
   651 | D        | Noticed a burning bush
   651 | D        | Noticed a wandering mushroom
   652 | D        | Noticed a wandering mushroom
   655 | D        | Killed a burning bush
   656 | D        | Reached skill level 17 in Stealth
   656 | D        | Killed a wandering mushroom
   657 | D        | Reached skill level 18 in Stealth
   657 | D        | Reached XP level 7. HP: 38/38 MP: 5/8
   657 | D        | Killed a wandering mushroom
   658 | D        | Reached skill level 5 in Fighting
   658 | D        | Reached skill level 19 in Stealth
   672 | D        | Found Beqiacu's Book Emporium.
   672 | D        | Found Peumirhy's Antique Armour Shoppe.
   682 | D        | Bought a book of Vapours for 288 gold pieces
   685 | D        | Learned a level 2 spell: Poisonous Vapours
   727 | D        | Reached XP level 8. HP: 43/43 MP: 6/9
   733 | D        | Noticed a queen bee
   740 | D        | Killed a queen bee
   741 | D        | Reached skill level 5 in Throwing
   741 | D        | Reached skill level 20 in Stealth
   741 | D        | Reached skill level 1 in Spellcasting
   741 | D        | Reached skill level 1 in Air Magic
   741 | D        | Reached skill level 1 in Poison Magic
   750 | D        | Reached skill level 1 in Shields
   750 | D        | Reached skill level 5 in Evocations
   937 | D        | Bought the +1 robe of Chimes {MP+9} for 379 gold pieces
  1039 | D        | Noticed an oklob plant
  1042 | D        | Killed an oklob plant
  1057 | D        | Noticed a burning bush
  1060 | D        | Killed a burning bush
  1061 | D        | Reached skill level 21 in Stealth
  1061 | D        | Reached XP level 9. HP: 48/48 MP: 14/14
  1146 | D        | Noticed a burning bush
  1146 | D        | Noticed an oklob plant
  1147 | D        | Noticed a wandering mushroom
  1148 | D        | Killed a burning bush
  1153 | D        | Killed an oklob plant
  1157 | D        | Killed a wandering mushroom
  1226 | D        | Noticed a spriggan druid
  1228 | D        | Killed a spriggan druid
  1229 | D        | Reached skill level 5 in Short Blades
  1229 | D        | Reached skill level 22 in Stealth
  1255 | D        | Learned a level 5 spell: Freezing Cloud
  1268 | D        | Noticed an oklob plant conjurer
  1269 | D        | Killed an oklob plant conjurer
  1391 | D        | Noticed an oklob plant
  1391 | D        | Noticed an oklob plant summoner
  1392 | D        | Noticed an oklob plant shifter
  1399 | D        | Killed an oklob plant
  1400 | D        | Reached skill level 10 in Dodging
  1400 | D        | Reached XP level 10. HP: 53/53 MP: 18/18
  1401 | D        | Killed an oklob plant summoner
  1402 | D        | Reached skill level 5 in Spellcasting
  1402 | D        | Reached skill level 1 in Conjurations
  1402 | D        | Reached skill level 1 in Ice Magic
  1403 | D        | Killed an oklob plant shifter
  1424 | D        | Reached skill level 23 in Stealth
  1504 | D        | Bought a troll leather armour for 390 gold pieces
  1587 | D        | Noticed a spriggan rider
  1588 | D        | Found Meqoch's Book Emporium.
  1589 | D        | Found Juvosk's General Store.
  1597 | D        | Killed a spriggan rider
  1598 | D        | Reached skill level 10 in Evocations
  1638 | D        | Bought a book of Misfortune for 286 gold pieces
  1641 | D        | Learned a level 2 spell: Slow
  1645 | D        | Learned a level 3 spell: Confusing Touch
  1647 | D        | Bought a wand of flame (17) for 104 gold pieces
  1647 | D        | Bought a scroll of identify for 22 gold pieces
  1647 | D        | Bought a scroll of identify for 22 gold pieces
  1666 | D        | Noticed Agnes
  1668 | D        | Found Zetoe's Antique Armour Emporium.
  1668 | D        | Noticed a spriggan berserker
  1670 | D        | Found Ved Zygg's General Store.
  1672 | D        | Killed Agnes
  1673 | D        | Reached skill level 5 in Poison Magic
  1676 | D        | Killed a spriggan berserker
  1677 | D        | Reached skill level 24 in Stealth
  1677 | D        | Reached XP level 11. HP: 58/58 MP: 18/21
  1683 | D        | Noticed a spriggan defender
  1692 | D        | Slain by a spriggan defender

Illustrated notes

Levels and vault maps discovered:
D:        dungeon_sprint_fedhas [sprint_temple]

Skill      XL: |  1  2  3  4  5  6  7  8  9 10 |
---------------+-------------------------------+-----
Stealth        | 8 9 12 13 15 18 19 21 22 24 | 24.1
Fighting       | 2 3 4 5 6 7 |  7.0
Dodging        | 2 3 4 5 7 8 9 10 11 | 11.0
Short Blades   | 3 4 5 |  5.6
Throwing       | 3 4 5 |  5.5
Evocations     | 1 3 4 6 9 11 | 11.6
Spellcasting   | 3 4 6 |  6.5
Air Magic      | 2 3 4 |  4.8
Poison Magic   | 2 4 5 |  5.2
Shields        | 2 3 4 |  4.3
Conjurations   | 2 |  2.6
Ice Magic      | 2 |  2.8
Hexes          | 2 |  2.6

Action                   |  1- 3 |  4- 6 |  7- 9 | 10-12 || total
-------------------------+-------+-------+-------+-------++-------
Melee: Dagger            |    11 |     8 |    25 |     7 ||    51
Throw: Dart              |     5 |     7 |       |     1 ||    13
 Abil: Evoke Invisibilit |       |     3 |     7 |     3 ||    13
Evoke: Tin of tremorston |       |       |       |     1 ||     1
       Lightning rod     |       |       |       |     1 ||     1
  Use: Scroll            |       |       |     1 |       ||     1
 Stab: Sleeping          |     2 |     5 |    12 |     5 ||    24
       Invisible         |       |     1 |     6 |       ||     7
Armor: Robe              |     1 |       |       |       ||     1
Dodge: Dodged            |     4 |     4 |    25 |     2 ||    35
Block: Buckler           |       |       |    12 |     1 ||    13
